 Dungeon Crawl Stone Soup version 0.29-a0-333-gb4c28e87c6 (webtiles) character file.

Game seed: 14423540285960309721

84 Murumi the Skirmisher (level 4, 0/40 HPs)
             Began as a Hill Orc Fighter on Apr 13, 2022.
             Killed from afar by an orc wizard (5 damage)
             ... with a magic dart
             ... on level 3 of the Dungeon.
             The game lasted 00:07:56 (3285 turns).

Murumi the Skirmisher (Hill Orc Fighter)            Turns: 3285, Time: 00:07:57

Health: 0/40       AC: 10    Str: 18    XL:     4   Next: 45%
Magic:  4/4        EV:  7    Int:  8    God:
Gold:   28         SH:  0    Dex: 12    Spells: 3/3 levels left

rFire   . . .      SeeInvis .   a - +0 war axe
rCold   . . .      Faith    .   c - +1 buckler
rNeg    . . .      Spirit   .   k - +0 chain mail
rPois   .          Reflect  .   l - +0 helmet
rElec   .          Harm     .   (no cloak)
rCorr   .          Rampage  .   (no gloves)
Will    .....                   (no boots)
Stlth   ..........              (no amulet)
HPRegen 0.13/turn               (no ring)
MPRegen 0.09/turn               (no ring)

@: confused
A: no striking features
a: no special abilities


You were on level 3 of the Dungeon.
You visited 1 branch of the dungeon, and saw 3 of its levels.

You collected 127 gold pieces.
You spent 99 gold pieces at shops.

Inventory:

Hand Weapons
 a - a +0 war axe (weapon)
Armour
 c - a +1 buckler (worn)
 k - a +0 chain mail (worn)
 l - a +0 helmet (worn)
Scrolls
 b - 2 scrolls of teleportation
 m - a scroll of magic mapping
 o - a scroll of holy word
Potions
 d - 3 potions of might
 e - 3 potions of curing
 f - a potion of heal wounds {unknown}
 g - 2 potions of flight {unknown}
 h - a potion of cancellation
 i - a potion of brilliance {unknown}
 j - a potion of attraction {unknown}
 n - a potion of lignification {unknown}


   Skills:
 - Level 4.0 Fighting
 - Level 4.0 Axes
 - Level 4.0 Armour
 + Level 0.8 Dodging
 - Level 4.0 Shields


You had 3 spell levels left.
You didn't know any spells.
Your spell library contained the following spells:

 Spells                   Type           Power      Damage    Failure   Level
 Corpse Rot               Necr/Air       0%         N/A       100%        2
 Poisonous Vapours        Pois/Air       0%         N/A       100%        2
 Stone Arrow              Conj/Erth      0%         3d7       100%        3
 Animate Armour           Summ/Erth      0%         N/A       100%        4
 Lehudib's Crystal Spear  Conj/Erth      0%         10d2      100%        8


Dungeon Overview and Level Annotations

Branches:
Dungeon (3/15)

Altars:

Shops:
D:2 *   D:3 *


Message History

The orc wizard flickers and vanishes!
Deactivating autopickup; reactivate with Ctrl-A.
Something hits you but does no damage.
You closely miss something. Something hits you but does no damage.
You closely miss something. Something hits you.
You miss something. Something hits you but does no damage. Something hits you.
You miss something. Something hits you but does no damage.
You slash something!
You hear some strange, mumbled words.
Something tries to affect you, but you resist.
You closely miss something. Something hits you but does no damage.
You hear some strange, mumbled words.
You are confused.
You completely miss something. Something hits you.
You bump into the rock wall.
Something hits you but does no damage.
You bump into the rock wall.
Something hits you.
You bump into the rock wall.
Something hits you.
You bump into the rock wall.
You hear some strange, mumbled words.
You are more confused.
You bump into the rock wall.
Something hits you but does no damage.
You hear some strange, mumbled words.
A puff of flame appears from out of thin air!
The puff of flame hits you.
* * * LOW HITPOINT WARNING * * *
You bump into the rock wall.
Something hits you.
* * * LOW HITPOINT WARNING * * *
You bump into the rock wall.
You hear some strange, mumbled words.
A puff of flame appears from out of thin air!
The puff of flame hits you.
* * * LOW HITPOINT WARNING * * *
You hear some strange, mumbled words.
A magic dart appears from out of thin air!
The magic dart hits you but does no damage.
You closely miss something.
You hear some strange, mumbled words.
A magic dart appears from out of thin air!
The magic dart hits you.
You die...

#####....)....#.....
#####.##..<...#.....
#.....#..#....#.....
#.###.#.##.........#
##.#
#...#######..#..
########..# #..##
#....
#........####.##
#... #........##...#
..# #.......†){@#.#
##
#........####.#####
#..........oo......
...
#.....>............
...
#..................
...
#..................
...
#####.#####...####
#. #. ...# #. ..
..## #.


There were no monsters in sight!

Vanquished Creatures
  2 adders
  A worm (D:3)
  2 orcs (D:3)
  6 ball pythons
  4 endoplasms
  4 giant cockroaches
  2 hobgoblins
  8 jackals (D:1)
  4 kobolds
  4 quokkas
  8 bats
  3 frilled lizards (D:1)
  3 goblins
  5 rats
56 creatures vanquished.

Notes
Turn   | Place    | Note
-------+----------+-------------------------------------------
     0 | D:1      | Murumi the Hill Orc Fighter began the quest for the Orb.
     0 | D:1      | Reached XP level 1. HP: 19/19 MP: 1/1
   198 | D:1      | Reached XP level 2. HP: 25/27 MP: 2/2
   406 | D:1      | Found a faded altar of an unknown god.
   541 | D:1      | Reached XP level 3. HP: 31/33 MP: 3/3
  1412 | D:2      | Found Biats's Assorted Antiques.
  1432 | D:2      | Bought an amethyst potion for 24 gold pieces
  1701 | D:2      | Identified the +6 mace "Nuewidill" {flame, rElec Stlth+}
  2024 | D:2      | Bought a scroll labelled HUJUJE VAWKIF for 27 gold pieces
  2141 | D:2      | Reached XP level 4. HP: 40/40 MP: 4/4
  2423 | D:2      | Bought a scroll labelled SACURR EPUAGUU for 27 gold pieces
  3001 | D:3      | Found Reebb's Assorted Antiques.
  3018 | D:3      | Bought a glowing purple potion for 21 gold pieces
  3285 | D:3      | Killed from afar by an orc wizard

Illustrated notes

Levels and vault maps discovered:
D:1:      moated_graveyard_arrival, layout_basic,
          dreamdust_ecumenical_altar_angels_and_demons, due_unseen_surprise
D:2:      layout_basic, serial_corexii_hall, corexii_hall_statues_x,
          chequers_hall_statues_y, serial_shops, nicolae_shop_overgrown_old_shop
D:3:      layout_rooms, serial_shops, shop, st_stairs_13

Skill      XL: |  1  2  3  4 |
---------------+-------------+-----
Axes           | 3 4 |  4.0
Fighting       | 4 |  4.0
Shields        | 4 |  4.0
Armour         | 4 |  4.0
Dodging        | |  0.8

Action                   |  1- 3 |  4- 6 || total
-------------------------+-------+-------++-------
Melee: War axe           |   151 |    49 ||   200
  Use: Scroll            |     8 |     3 ||    11
Armor: Scale mail        |    85 |       ||    85
       Chain mail        |     6 |    25 ||    31
Dodge: Dodged            |    93 |    12 ||   105
Block: Buckler           |    28 |     7 ||    35

Table legend: (Time is in decaauts)
 A = Elapsed time spent in this place.
 B = Non-inter-level travel time spent in this place.
 C = Inter-level travel time spent in this place.
 D = Time resting spent in this place.
 E = Time spent auto-exploring this place.
 F = Levels seen in this place.
 G = Mean time per level.
                   A        B        C        D        E       F      G
               +--------+--------+--------+--------+--------+-----+--------+
         Total |   3362 |   2866 |    496 |     23 |   2293 |   3 | 1120.7 |
       Dungeon |   3362 |   2866 |    496 |     23 |   2293 |   3 | 1120.7 |
               +--------+--------+--------+--------+--------+-----+--------+

Top non-repeatable levels by time:
     D:2: 1499 daAuts
     D:1: 1393 daAuts
     D:3: 470 daAuts
